AoeStats
← xUnForSak3nz

Black Forest

510053458Analyzed
4v4 RM · 2d ago on Sep 29, 2026· 84m 41s· 8 players
Game mode
Random Map
Map size
Large (8 player)
Population
200
Speed
Normal
Resources
Standard
Victory
Conquest
Starting age
Dark Age
Ending age
Imperial Age
RankedLock teamsTeams togetherTeam positionsShared explorationLock speedFull tech treeHidden civsTurbo modeCheats
Victory
Defeat
🇳🇴 Poles · Norway
685
+13
🇨🇿 Teutons · Czechia
621
+15
🇹🇷 Vietnamese · Türkiye
569
+17
🇳🇱 Tatars · Netherlands
514
+20
🇩🇪 Japanese · Germany
748
-22
🇺🇸 Varangians · United States
614
-17
🇺🇸 Celts · United States
539
-14
🇫🇷 Franks · France
508
-12
zibo4074
0:37 Loom
12:04 Feudal Age
13:58 Double-Bit Axe
13:56 Horse Collar
20:28 Castle Age
19:27 Man-at-Arms
19:53 Arson
20:21 Gold Mining
20:22 Stone Mining
20:29 Fishing Lines
24:11 Stone Shaft Mining
25:15 Wheelbarrow
25:22 Squires
25:08 Gambesons
24:43 Long Swordsman
25:49 Heavy Plow
28:17 Bow Saw
27:44 Elite Skirmisher
29:46 Hand Cart
31:28 Scale Mail Armor
31:39 Forging
35:39 Imperial Age
34:04 Town Watch
35:08 Ballistics
34:38 Heated Shot
35:00 Masonry
35:01 Fortified Wall
34:45 Pikeman
35:54 Ironclad
36:07 Chain Mail Armor
35:43 Fletching
36:21 Town Patrol
36:49 Elite Teutonic Knight
37:02 Imperial Skirmisher
39:22 Chemistry
39:32 Hoardings
38:28 Sappers
40:01 Caravan
41:05 Conscription
42:47 Two-Man Saw
42:40 Plate Mail Armor
42:45 Iron Casting
42:06 Bodkin Arrow
42:12 Padded Archer Armor
42:17 Scale Barding Armor
41:49 Onager
42:31 Gillnets
43:21 Bombard Tower
43:54 Crop Rotation
44:10 Crenellations
45:58 Halberdier
46:00 Two-Handed Swordsman
65:31 Leather Archer Armor
66:16 Blast Furnace
65:37 Chain Barding Armor
78:54 Ring Archer Armor
79:00 Plate Barding Armor
77:55 Siege Onager
77:56 Heavy Scorpion
78:01 Capped Ram
78:37 Guard Tower
78:33 Arrowslits
78:54 Siege Engineers
78:13 Champion
78:17 Crossbowman
78:21 Heavy Mounted Crossbowman
harrold sweigermeister
12:23 Feudal Age
16:30 Double-Bit Axe
19:18 Wheelbarrow
21:11 Scale Barding Armor
24:15 Castle Age
25:41 Hand Cart
25:56 Light Cavalry
26:49 Bloodlines
27:34 Horse Collar
29:34 Stone Mining
31:20 Pikeman
32:08 Elite Skirmisher
34:43 Caravan
35:38 Gold Mining
36:19 Bow Saw
36:25 Heavy Plow
38:13 Squires
38:34 Crossbowman
42:59 Imperial Age
40:52 Silk Armor
41:38 Ballistics
42:53 Chain Barding Armor
42:33 Scale Mail Armor
42:44 Forging
42:25 Fletching
42:35 Padded Archer Armor
44:36 Crop Rotation
43:40 Elite Keshik
47:04 Iron Casting
47:05 Plate Barding Armor
46:54 Timurid Siegecraft
49:33 Elite Steppe Lancer
49:37 Heavy Camel Rider
51:18 Imperial Skirmisher
60:06 Bodkin Arrow
61:21 Blast Furnace
61:14 Hussar
61:58 Husbandry
63:47 Capped Ram
67:56 Conscription
67:21 Halberdier
70:03 Siege Ram
79:57 Heavy Camel Rider
79:58 Cavalier
81:05 Leather Archer Armor
80:50 Bracer
81:24 Fervor
81:14 Atonement
81:15 Herbal Medicine
81:38 Block Printing
81:29 Devotion
Anette2k
0:28 Loom
12:14 Feudal Age
22:07 Castle Age
21:20 Double-Bit Axe
21:18 Horse Collar
23:29 Bow Saw
23:27 Heavy Plow
22:52 Crossbowman
24:55 Thumb Ring
25:31 Caravan
29:55 Gold Mining
29:52 Town Watch
34:35 Imperial Age
33:32 Murder Holes
34:05 Ballistics
34:12 Fletching
34:23 Padded Archer Armor
34:46 Stone Mining
36:27 Crop Rotation
35:21 Arbalester
36:10 Bodkin Arrow
38:58 Town Patrol
39:35 Wheelbarrow
39:25 Bracer
39:41 Leather Archer Armor
40:50 Chemistry
40:31 Hoardings
39:49 Elite Skirmisher
44:38 Imperial Skirmisher
46:06 Stone Shaft Mining
45:56 Siege Engineers
54:49 Elite Obuch
60:34 Forging
60:24 Scale Mail Armor
78:30 Iron Casting
78:10 Chain Mail Armor
77:58 Squires
77:44 Arson
77:21 Pikeman
78:22 Hand Cart
83:10 Spies/Treason
FENERBAHCE
14:02 Feudal Age
23:33 Castle Age
23:54 Double-Bit Axe
23:54 Horse Collar
24:12 Gold Mining
24:20 Stone Mining
30:26 Heavy Plow
30:56 Caravan
32:51 Forging
32:42 Scale Mail Armor
32:47 Scale Barding Armor
32:43 Padded Archer Armor
32:33 Fletching
33:54 Stone Shaft Mining
33:39 Bow Saw
38:39 Imperial Age
36:54 Wheelbarrow
36:05 Town Watch
36:06 Loom
36:42 Chain Mail Armor
36:43 Leather Archer Armor
36:24 Bodkin Arrow
39:43 Hand Cart
39:28 Town Patrol
40:32 Chemistry
39:05 Elite Rattan Archer
40:18 Chatras
40:40 Paper Money
39:51 Sappers
40:58 Hoardings
40:49 Chain Barding Armor
41:07 Iron Casting
42:11 Plate Mail Armor
42:12 Ring Archer Armor
41:43 Bracer
42:19 Plate Barding Armor
41:59 Siege Engineers
42:19 Ballistics
43:09 Elite Battle Elephant
50:53 Heated Shot
51:15 Masonry
51:17 Fortified Wall
64:52 Two-Man Saw
xUnForSak3nz
0:27 Loom
16:56 Feudal Age
18:51 Wheelbarrow
18:02 Town Watch
18:00 Horse Collar
18:10 Double-Bit Axe
18:19 Stone Mining
18:24 Gold Mining
27:12 Forging
27:07 Scale Barding Armor
27:03 Scale Mail Armor
27:04 Fletching
27:14 Padded Archer Armor
29:57 Castle Age
31:15 Hand Cart
31:01 Town Patrol
31:08 Heavy Plow
31:22 Bow Saw
31:50 Coinage
31:23 Caravan
32:12 Stone Shaft Mining
31:58 Leather Archer Armor
32:06 Chain Mail Armor
32:37 Iron Casting
32:45 Chain Barding Armor
32:37 Bodkin Arrow
42:24 Imperial Age
41:04 Vendel Legacy
45:26 Crop Rotation
46:00 Two-Man Saw
46:03 Blast Furnace
45:38 Plate Barding Armor
45:36 Plate Mail Armor
45:08 Bracer
45:38 Ring Archer Armor
44:34 Elite Jarl
45:37 Conscription
45:52 Fortified Wall
46:45 Chemistry
46:05 Guilds
46:30 Banking
53:38 Pikeman
54:06 Gambesons
58:14 Halberdier
73:21 Elite Skirmisher
K1NGlogman
13:21 Feudal Age
18:52 Castle Age
21:12 Double-Bit Axe
23:18 Horse Collar
24:28 Fishing Lines
26:08 Gillnets
30:18 Heavy Plow
34:23 Imperial Age
34:36 Capped Ram
34:42 Man-at-Arms
34:44 Pikeman
35:42 Forging
35:58 Scale Mail Armor
37:02 Iron Casting
36:00 Siege Ram
36:04 Halberdier
36:06 Long Swordsman
37:48 Chain Mail Armor
37:54 Bow Saw
37:35 Two-Handed Swordsman
38:42 Champion
39:36 Gold Mining
39:40 Stone Mining
41:43 Plate Mail Armor
42:14 Blast Furnace
41:25 Caravan
44:33 Gold Shaft Mining
44:35 Stone Shaft Mining
43:43 Onager
53:36 Siege Onager
53:48 Heavy Scorpion
willpol56
9:55 Loom
12:14 Feudal Age
14:35 Double-Bit Axe
16:31 Wheelbarrow
23:13 Castle Age
23:01 Gold Mining
23:06 Fletching
27:51 Forging
29:01 Hand Cart
36:00 Elite Skirmisher
36:48 Husbandry
38:29 Ballistics
38:25 Masonry
37:56 Treadmill Crane
38:42 Fortified Wall
39:09 Bow Saw
41:01 Gold Shaft Mining
43:01 Imperial Age
42:06 Caravan
42:42 Murder Holes
43:58 Chivalry
44:22 Conscription
44:57 Onager
46:34 Cavalier
53:30 Heavy Scorpion
60:13 Chemistry
59:45 Architecture
59:22 Siege Engineers
59:09 Guard Tower
59:47 Scale Barding Armor
60:19 Iron Casting
64:24 Light Cavalry
65:02 Arrowslits
65:23 Scale Mail Armor
72:17 Chain Barding Armor
matthiaskaeck
0:43 Loom
13:28 Feudal Age
14:06 Horse Collar
14:16 Double-Bit Axe
14:13 Fishing Lines
21:19 Castle Age
21:55 Gillnets
23:37 Caravan
26:21 Bow Saw
27:46 Forging
27:37 Scale Mail Armor
30:45 Stone Mining
30:45 Gold Mining
31:03 Heavy Plow
31:32 Fortified Wall
31:35 Masonry
31:06 Treadmill Crane
31:24 Murder Holes
33:05 Iron Casting
32:45 Chain Mail Armor
32:36 Scale Barding Armor
32:31 Padded Archer Armor
32:22 Fletching
38:05 Imperial Age
35:23 Town Watch
36:14 Wheelbarrow
35:07 Pikeman
35:48 Squires
35:33 Arson
36:13 Chain Barding Armor
37:24 Gold Shaft Mining
37:12 Ballistics
37:04 Redemption
38:06 Halberdier
38:32 Gambesons
39:10 Conscription
39:10 Kataparuto
38:11 Elite Samurai
38:52 Yasama
40:00 Two-Man Saw
40:06 Chemistry
39:42 Coinage
40:16 Blast Furnace
40:11 Thumb Ring
39:27 Crossbowman
41:25 Plate Mail Armor
41:10 Leather Archer Armor
40:52 Bodkin Arrow
40:54 Arbalester
51:51 Atonement
52:17 Illumination
52:07 Block Printing
51:48 Herbal Medicine
52:28 Theocracy
51:54 Devotion
52:04 Fervor
52:16 Sanctity
Connection lost

Rejoining the realm…

Still unreachable

The connection could not be restored.

Session expired

The server has moved on; the page needs a fresh start.